 Dungeon Crawl Stone Soup version 0.20.1-1-g8b1a95d (webtiles) character file.

3553 polve the Grappler (level 9, -4/92 HPs)
             Began as a Troll Fighter on July 11, 2017.
             Slain by a black bear (8 damage)
             ... on level 9 of the Dungeon.
             The game lasted 00:07:59 (6702 turns).

polve the Grappler (Troll Fighter)                  Turns: 6702, Time: 00:08:00

Health: -4/92      AC:  6    Str: 26    XL:     9   Next: 83%
Magic:  8/8        EV: 10    Int:  4    God:
Gold:   249        SH: 11    Dex: 16    Spells: 8/8 levels left

rFire    + . .     SeeInvis .     - Unarmed
rCold    + . .     Gourm    +   b - +0 shield
rNeg     . . .     Faith    .   G - +0 robe {rC+ rF+}
rPois    .         Spirit   .   (helmet restricted)
rElec    .         Reflect  .   E - +0 cloak
rCorr    +         Harm     .   (gloves unavailable)
MR       .....                  (boots unavailable)
Stlth    +.........             (no amulet)
Regen    0.7/turn               L - +4 ring of dexterity
MPRegen  0.2/turn               B - ring of resist corrosion

@: lethally poisoned (-4 -> -4), flying
A: unfitting armour, claws 3, fast metabolism 3, gourmand, regeneration 1,
shaggy fur 1, tough skin 2
a: no special abilities


You were on level 9 of the Dungeon.
You were hungry.

You visited 2 branches of the dungeon, and saw 10 of its levels.

You collected 412 gold pieces.
You spent 163 gold pieces at shops.

Inventory:

Missiles
 I - 4 large rocks (quivered)
Armour
 b - a +0 shield (worn)
 E - a +0 cloak (worn)
 G - a +0 robe of resistance (worn)
Jewellery
 s - an uncursed ring of protection from fire {unknown}
 B - a ring of resist corrosion (right claw)
 L - a +4 ring of dexterity (left claw)
Wands
 o - a wand of lightning (11/15)
 y - a wand of digging (9/24)
 A - a wand of clouds (6/9)
 K - a wand of random effects (22/48)
 N - a wand of lightning (6/15)
 O - a wand of lightning (7/15)
Scrolls
 f - 3 scrolls of enchant armour {unknown}
 h - 4 scrolls of remove curse {unknown}
 k - 4 scrolls of teleportation {unknown}
 l - a scroll of recharging {unknown}
 m - 3 scrolls of blinking {unknown}
 r - 2 scrolls of amnesia {unknown}
 x - 12 scrolls of identify {unknown}
 F - 2 scrolls of enchant weapon {unknown}
 H - a scroll of magic mapping {unknown}
 M - a scroll of fear {unknown}
Potions
 a - 4 potions of flight
 c - 4 potions of might
 e - a potion of heal wounds {unknown}
 g - 3 potions of brilliance {unknown}
 j - 2 potions of mutation {unknown}
 n - 3 potions of lignification {unknown}
 p - a potion of berserk rage {unknown}
 q - a potion of cancellation {unknown}
 t - 4 potions of haste {unknown}
 u - a potion of ambrosia {unknown}
 v - 4 potions of curing {unknown}
 z - a potion of degeneration {unknown}
 C - a potion of invisibility {unknown}
 J - a potion of agility {unknown}
Comestibles
 d - 6 bread rations
 i - 3 meat rations
 w - 11 fruits
 D - a royal jelly
 P - a chunk of flesh


   Skills:
 + Level 6.5 Fighting
 - Level 2.4 Dodging
 + Level 6.5 Shields
 - Level 10.0 Unarmed Combat


You had 8 spell levels left.
You didn't know any spells.

Dungeon Overview and Level Annotations

Branches:
Dungeon (10/15)            Temple (1/1) D:4
   Lair: D:8-11         Orc: D:9-12

Altars:
Ashenzari
Cheibriados
Dithmenos
Elyvilon
Fedhas
Gozag
Hepliaklqana
Kikubaaqudgha
Makhleb
Nemelex Xobeh
Okawaru
Ru
Sif Muna
Trog
Uskayaw
Vehumet
Xom
Yredelemnul
Zin
The Shining One

Shops:
D:5 *

Annotations:
D:9 Agrougrou's ghost, novice DsMo


Innate Abilities, Weirdness & Mutations

You are too large for most types of armour.
You have claws for hands.
Your metabolism is lightning-fast.
You like to eat raw meat.
Your natural rate of healing is unusually fast.
You are covered in fur. (AC +1)
You have very tough skin. (AC +2)


Message History

You feel a lot more hungry.
You mangle the orc!!
You kill the orc!
The orc closely misses you. Agrougrou's ghost hits you!!
* * * LOW HITPOINT WARNING * * *
The hungry ghost hits you.
You are feeling hungry.
You closely miss Agrougrou's ghost.
Agrougrou's ghost is lightly damaged.
You feel sick.
Agrougrou's ghost says, "I'll split you in two!"
Agrougrou's ghost barely misses you. You block the black bear's attack.
The black bear closely misses you. You block the black bear's attack.
The orc hits you but does no damage.
It was a potion of flight.
You feel very buoyant.
You fly up into the air.
The hungry ghost closely misses you.
Agrougrou's ghost says, "Ah, a second chance to prove myself in battle!"
You block Agrougrou's ghost's attack. The black bear bites you!
You die...

...........##.......###)###...
#..........##.......##..# ##..
#÷....#..........## ###
#..#..............# #
#...........####..#
#.)....##### #..## #†...Yo#
##..# ##....oW## ##..####
##.....oo@# ##......#
........hW## ##.........
........#.o.#####...####...
..............#÷...## ...
........(..#.......# ..
.......).####.....# #
.......†)# ##:...# ........##
#....# ........# ##...#


You could see a hungry ghost, a black bear, an ice beast, Agrougrou's ghost and
5 orcs.

Vanquished Creatures
  Pikel (D:5)
  The ghost of doot the Chopper, a novice DsGl of Trog (D:7)
  Prince Ribbit (D:7)
  Sigmund (D:5)
  Duvessa (D:7)
  An ice beast (D:7)
  2 sky beasts (D:6)
  An orc warrior (D:7)
  An ogre (D:6)
  A crocodile (D:9)
  A centaur (D:6)
  A big kobold (D:9)
  3 bullfrogs (D:9)
  Dowan (D:7)
  2 scorpions
  2 electric eels (D:6)
  9 wights
  2 howler monkeys (D:7)
  2 bullfrog zombies
  A hound (D:6)
  3 crimson imps
  2 orc priests
  A jelly (D:6)
  A bullfrog skeleton (D:4)
  A centaur zombie (D:9)
  3 orc wizards
  An iguana (D:10)
  4 worker ants
  A hound skeleton (D:4)
  Robin (D:4)
  2 worker ant zombies
  6 adders
  6 gnolls
  A dart slug (D:2)
  5 worms
  3 leopard geckos
  20 orcs
  A ball python (D:3)
  7 giant cockroaches
  19 goblins
  6 hobgoblins
  19 jackals
  3 quokkas
  10 bats
  7 frilled lizards
  A giant cockroach zombie (D:6)
  7 kobolds
  A leopard gecko zombie (D:5)
  7 rats
184 creatures vanquished.

Vanquished Creatures (others)
  2 slaves (D:5)
  5 orcs (D:5)
7 creatures vanquished.

Grand Total: 191 creatures vanquished

Notes
Turn   | Place    | Note
-------+----------+-------------------------------------------
     0 | D:1      | polve the Troll Fighter began the quest for the Orb.
     0 | D:1      | Reached XP level 1. HP: 22/22 MP: 0/0
   165 | D:1      | Reached XP level 2. HP: 25/29 MP: 1/1
   176 | D:1      | Reached skill level 3 in Unarmed Combat
  1010 | D:2      | Reached XP level 3. HP: 36/36 MP: 2/2
  1266 | D:2      | Reached skill level 4 in Unarmed Combat
  1400 | D:2      | Found a blossoming altar of Fedhas.
  1520 | D:2      | Reached XP level 4. HP: 44/44 MP: 3/3
  1737 | D:3      | Reached skill level 5 in Unarmed Combat
  1799 | D:3      | Reached XP level 5. HP: 50/50 MP: 4/4
  2517 | D:4      | Reached skill level 6 in Unarmed Combat
  2643 | D:4      | Noticed Robin
  2663 | D:4      | Killed Robin
  2682 | D:4      | Found a staircase to the Ecumenical Temple.
  2870 | Temple   | Entered the Ecumenical Temple
  3275 | D:4      | Reached XP level 6. HP: 59/59 MP: 5/5
  3505 | D:5      | Entered Level 5 of the Dungeon
  3516 | D:5      | Noticed a slave
  3516 | D:5      | Noticed a slave
  3517 | D:5      | Noticed a slave
  3518 | D:5      | Noticed a slave
  3520 | D:5      | Noticed Pikel
  3538 | D:5      | Killed Pikel
  3538 | D:5      | Reached skill level 8 in Unarmed Combat
  3538 | D:5      | Reached XP level 7. HP: 54/66 MP: 6/6
  3695 | D:5      | Reached skill level 9 in Unarmed Combat
  3747 | D:5      | Found an iron altar of Okawaru.
  3805 | D:5      | Found a bloodstained altar of Trog.
  3917 | D:5      | Noticed Sigmund
  3933 | D:5      | Killed Sigmund
  3933 | D:5      | Reached XP level 8. HP: 59/74 MP: 7/7
  4279 | D:5      | Found Gepsith's Assorted Antiques.
  4283 | D:5      | Bought a lumpy puce potion for 19 gold pieces
  4283 | D:5      | Bought an embroidered robe for 81 gold pieces
  4283 | D:5      | Bought a yellow potion for 19 gold pieces
  4283 | D:5      | Bought a scroll labeled ROEHYECSYF for 22 gold pieces
  4283 | D:5      | Bought a scroll labeled FIUROBRIEQ for 22 gold pieces
  4377 | D:5      | Found an opulent altar of Gozag.
  4630 | D:6      | Reached skill level 10 in Unarmed Combat
  4776 | D:6      | Found a bloodstained altar of Trog.
  5116 | D:6      | Found a sparkling altar of Nemelex Xobeh.
  5534 | D:6      | Found a deep blue altar of Sif Muna.
  5562 | D:6      | Found a shimmering altar of Xom.
  5562 | D:6      | Found a basalt altar of Yredelemnul.
  5911 | D:7      | Noticed doot's ghost (novice DsGl)
  5919 | D:7      | Reached XP level 9. HP: 71/85 MP: 8/8
  6024 | D:7      | Noticed Dowan
  6027 | D:7      | Noticed Duvessa
  6031 | D:7      | Killed Duvessa
  6035 | D:7      | Killed Dowan
  6127 | D:7      | Noticed Prince Ribbit
  6136 | D:7      | Killed doot's ghost
  6136 | D:7      | Reached skill level 5 in Fighting
  6136 | D:7      | Reached skill level 5 in Shields
  6142 | D:7      | Killed Prince Ribbit
  6276 | D:7      | Found a deep blue altar of Sif Muna.
  6481 | D:7      | You fall through a shaft for 3 floors!
  6481 | D:10     | Entered Level 10 of the Dungeon
  6671 | D:9      | Noticed Agrougrou's ghost (novice DsMo)
  6700 | D:9      | HP: 4/92 [Agrougrou's ghost (18)]
  6702 | D:9      | Slain by a black bear

Skill      XL: |  1  2  3  4  5  6  7  8  9 |
---------------+----------------------------+-----
Unarmed Combat | 3 4 5 6 8 9 10 | 10.0
Fighting       | 4 6 |  6.5
Shields        | 4 6 |  6.5
Dodging        | |  2.4

Action                   |  1- 3 |  4- 6 |  7- 9 || total
-------------------------+-------+-------+-------++-------
Melee: Unarmed           |   125 |   156 |   261 ||   542
  Use: Potion            |       |       |     1 ||     1
 Stab: Sleeping          |     1 |     2 |       ||     3
       Distracted        |       |       |     1 ||     1
  Eat: Chunk             |    20 |    15 |    30 ||    65
Armor: Robe              |    49 |    37 |    49 ||   135
Dodge: Dodged            |    39 |    48 |    58 ||   145
Block: Shield            |    61 |    66 |    97 ||   224
